 Dungeon Crawl Stone Soup version 0.29.1-12-g30fa7ad0bf (webtiles) character file.

Game seed: 5762819400587256711

201 Tiocfaidh the Sneak (level 5, 0/33 HPs)
             Began as an Octopode Hedge Wizard on Dec 26, 2022.
             Was an Initiate of Sif Muna.
             Constricted to death by Natasha (6 damage)
             ... on level 4 of the Dungeon.
             The game lasted 00:16:28 (3500 turns).

Tiocfaidh the Sneak (Octopode Hedge Wizard)         Turns: 3500, Time: 00:16:28

Health: 0/33       AC:  1    Str: 15    XL:     5   Next: 79%
Magic:  5/11       EV: 10    Int: 25    God:    Sif Muna [......]
Gold:   123        SH:  0    Dex: 11    Spells: 9/12 levels left

rFire   . . .      SeeInvis .   e - +0 spear (freeze)
rCold   . . .      Faith    .   (no shield)
rNeg    . . .      Spirit   .   b - +0 hat
rPois   .          Reflect  .   (no amulet)
rElec   .          Harm     .   j - +6 ring of strength
rCorr   .          Rampage  .   a - +6 ring of intelligence
Will    .....                   (no ring)
Stlth   +++.......              (no ring)
HPRegen 0.11/turn               (no ring)
MPRegen 0.12/turn               (no ring)
                                (no ring)
                                (no ring)

@: grasped by roots, constricted
A: almost no armour, amphibious, 8 rings, camouflage 1, gelatinous body 1,
(nimble swimmer 1), tentacles
a: Renounce Religion


You were on level 4 of the Dungeon.
You worshipped Sif Muna.
Sif Muna was noncommittal.
You visited 1 branch of the dungeon, and saw 4 of its levels.

You collected 147 gold pieces.
You spent 24 gold pieces at shops.

Inventory:

Hand Weapons
 e - a +0 spear of freezing (weapon)
Missiles
 l - 5 poisoned darts
Armour
 b - a +0 hat (worn)
Jewellery
 a - a +6 ring of intelligence (right tentacle)
 j - a +6 ring of strength (left tentacle)
Wands
 f - a wand of digging (8)
Scrolls
 d - 3 scrolls of teleportation
 g - a scroll of magic mapping
 h - a scroll of blinking {unknown}
 i - a scroll of poison {unknown}
 o - a scroll of identify
Potions
 c - a potion of magic
 k - 2 potions of haste {unknown}
 m - a potion of berserk rage {unknown}
 n - a potion of curing {unknown}
 p - a potion of attraction {unknown}


   Skills:
 + Level 1.0 Fighting
 + Level 1.0 Short Blades
 + Level 0.2 Polearms
 + Level 1.1 Throwing
 + Level 2.3 Dodging
 + Level 4.1 Stealth
 + Level 4.1 Spellcasting
 + Level 2.4 Conjurations
 + Level 1.2 Summonings
 + Level 1.0 Translocations


You had 9 spell levels left.
You knew the following spells:

 Your Spells              Type           Power      Damage    Failure   Level
a - Magic Dart            Conj           68%        1d6       3%          1
b - Call Imp              Summ           11%        N/A       9%          2

Your spell library contained the following spells:

 Spells                   Type           Power      Damage    Failure   Level
 Apportation              Tloc           20%        N/A       6%          1
 Slow                     Hex            20%        N/A       9%          1
 Blink                    Tloc           20%        N/A       9%          2
 Conjure Flame            Conj/Fire      11%        6-21      16%         3
 Mephitic Cloud           Conj/Pois/Air  9%         N/A       19%         3
 Iskenderun's Mystic Bla  Conj/Tloc      13%        2d5       41%         4
 Simulacrum               Ice/Necr       2%         N/A       100%        6
 Polar Vortex             Ice            2%         N/A       100%        9


Dungeon Overview and Level Annotations

Branches:
Dungeon (4/15)
 Temple: D:4-7

Altars:
Ashenzari
Sif Muna

Shops:
D:4 ?[

Annotations:
D:2 Sigmund
D:4 Natasha


Innate Abilities, Weirdness & Mutations

You cannot wear most types of armour.
You are amphibious.
You can wear up to eight rings at the same time.
Your skin changes colour to match your surroundings (Stealth+).
Your rubbery body absorbs attacks. (AC +1, EV +1)
((You are camouflaged when in or above water. (Stealth+)))
You have tentacles for arms and can constrict up to eight enemies at once.


Message History

Casting: Magic Dart (safe; 3% risk of failure)
Confirm with . or Enter, or press ? or * to list all spells.
A beastly little devil appears in a puff of frigid air.
Your white imp says, "Let's raise disruption!"
The grasping roots constrict you. The iron imp misses you.
The grasping roots release their grip on you.
Natasha attacks as you move away! Natasha claws you.
Natasha mumbles some strange words.
Natasha glows brightly for a moment.
Natasha zaps a wand.
The roots erupt in riotous growth!
The grasping roots grab you!
Natasha is unaffected.
The iron imp is unaffected.
The grasping roots constrict you.
You escape the roots grasp.
Natasha howls an incantation.
You feel disoriented.
Natasha stares at you and mumbles some strange words.
The magic dart hits you!
An endoplasm comes into view.
Natasha barely misses your white imp.
Your white imp closely misses the iron imp.
Natasha casts a spell.
The iron imp barely misses you.
Your white imp hits the iron imp but does no damage.
Your white imp hits the iron imp but does no damage.
There is an open door here.
You barely miss Natasha. Your grab misses Natasha. Natasha barely misses you.
Your white imp hits the iron imp but does no damage.
Natasha zaps a wand.
The roots erupt in riotous growth!
The grasping roots grab you!
Natasha is unaffected.
The grasping roots constrict you.
* * * LOW HITPOINT WARNING * * *
Your white imp gestures at the iron imp.
The puff of frost hits the iron imp.
The iron imp resists.
You closely miss Natasha. Your grab misses Natasha.
A giant cockroach comes into view.
Your white imp gestures at the iron imp.
The puff of frost hits the iron imp.
The iron imp resists.
Natasha barely misses you. The grasping roots constrict you.
You die...

#####......# ...........#
...........# (..........#
.(.....<...#
...........#######
######............
#..>.#55...B......
#...@h5..J........
#....#............
#....#............
#....#............
#....#............
#...##............
#######..+###########.. ###
#....###'###........#.....#
..#
#....#.....#........#.....#


You could see an iron imp (summoned, ally target), Natasha, a shadow imp
(summoned), an endoplasm, a giant cockroach (distracted) and a friendly white
imp (summoned).

Vanquished Creatures
  An iguana (D:4)
  An orc wizard (D:3)
  4 adders
  A worm (D:2)
  2 dart slugs
  3 orcs
  9 ball pythons
  6 endoplasms
  3 giant cockroaches
  3 goblins
  2 hobgoblins
  2 jackals (D:4)
  A quokka (D:1)
  3 bats
  A frilled lizard (D:2)
  8 kobolds
  5 rats
55 creatures vanquished.

Vanquished Creatures (collateral kills)
  An iguana (D:4)
  Natasha (D:4)
2 creatures vanquished.

Vanquished Creatures (others)
  A fungus (D:1)
1 creature vanquished.

Grand Total: 58 creatures vanquished

Notes
Turn   | Place    | Note
-------+----------+-------------------------------------------
     0 | D:1      | Tiocfaidh the Octopode Hedge Wizard began the quest for the
                  | Orb.
     0 | D:1      | Reached XP level 1. HP: 11/11 MP: 4/4
   542 | D:1      | Reached XP level 2. HP: 17/17 MP: 6/6
  1149 | D:2      | Reached XP level 3. HP: 19/21 MP: 2/8
  1453 | D:2      | Noticed Sigmund
  2238 | D:3      | Found a broken altar of Ashenzari.
  2247 | D:3      | Reached XP level 4. HP: 27/27 MP: 4/9
  2392 | D:3      | Found a faded altar of an unknown god.
  2531 | D:3      | Got Sot Kih's Quarto of the Compass and Hypothermia
  2672 | D:3      | Reached XP level 5. HP: 12/32 MP: 10/10
  3036 | D:3      | Learned a level 2 spell: Call Imp
  3347 | D:4      | Found Maliof's Antique Armour Emporium.
  3379 | D:4      | Found Asyd's Magic Scroll Shoppe.
  3384 | D:4      | Bought a scroll of identify for 24 gold pieces
  3385 | D:4      | Noticed Natasha
  3390 | D:4      | Killed Natasha
  3430 | D:4      | Found a shimmering blue altar of Sif Muna.
  3436 | D:4      | Became a worshipper of Sif Muna the Loreminder
  3476 | D:4      | Reached skill level 1 in Fighting
  3476 | D:4      | Reached skill level 1 in Short Blades
  3476 | D:4      | Reached skill level 1 in Throwing
  3482 | D:4      | Noticed Natasha
  3500 | D:4      | Constricted to death by Natasha

Illustrated notes

Levels and vault maps discovered:
D:1:      wander_arrival_fairy_ring, layout_loops_ring
D:2:      kennysheep_six_static_rooms, layout_rooms, uniq_sigmund
D:3:      layout_basic, mainiacjoe_overflow_cross_hatched,
          nicolae_ecumenical_snake_handling, chequers_serial_rivers_large_a
D:4:      layout_gridville, kennysheep_little_box,
          minmay_temple_entry_enclosed_plants, serial_shops,
          nicolae_shop_hallway_stairs, shop, nicolae_shop_advertising_works
          [nicolae_subvault_shop_adworks], nicolae_shop_hallway_stairs,
          nicolae_shop_statue_plus, gammafunk_ghost_split, uniq_edmund,
          uniq_pikel, uniq_natasha

Skill      XL: |  1  2  3  4  5 |
---------------+----------------+-----
Stealth        | 3 4 |  4.1
Conjurations   | 2 |  2.4
Spellcasting   | 4 |  4.1
Fighting       | 1 |  1.0
Short Blades   | 1 |  1.0
Throwing       | 1 |  1.1
Polearms       | |  0.2
Dodging        | |  2.3
Summonings     | |  1.2
Translocations | |  1.0

Action                   |  1- 3 |  4- 6 || total
-------------------------+-------+-------++-------
Melee: Dagger            |    29 |     4 ||    33
       Constrict         |     6 |     9 ||    15
       Tentacles         |     6 |     7 ||    13
       Punch             |     2 |       ||     2
       Spear             |       |    24 ||    24
Throw: Dart              |     8 |     8 ||    16
 Cast: Magic Dart        |    71 |    35 ||   106
       Call Imp          |       |     5 ||     5
  Use: Potion            |     1 |       ||     1
       Scroll            |     5 |       ||     5
 Stab: Sleeping          |     4 |       ||     4
Armor: Skin              |     2 |       ||     2
Dodge: Dodged            |    15 |    23 ||    38
